AoeStats
← Eidolon

MegaRandom

506757598Analyzed
1v1 RM · 18d ago on Sep 15, 2026· 34m 28s· 2 players
Game mode
Random Map
Map size
Tiny (2 player)
Population
200
Speed
Normal
Resources
Standard
Victory
Conquest
Starting age
Dark Age
Ending age
Imperial Age
RankedLock teamsTeams togetherTeam positionsShared explorationLock speedFull tech treeHidden civsTurbo modeCheats
Victory
Defeat
🇨🇦 Aztecs · Canada
1202
+17
🇺🇸 Malay · United States
1224
-17
Eidolon
8:30 Feudal Age
6:49 Loom
9:21 Double-Bit Axe
18:05 Castle Age
18:18 Scale Mail Armor
18:13 Gold Mining
18:05 Horse Collar
19:18 Eagle Warrior
21:51 Bow Saw
24:22 Squires
24:39 Chain Mail Armor
24:34 Forging
25:27 Wheelbarrow
26:01 Arson
28:44 Stone Mining
29:50 Sanctity
30:35 Iron Casting
34:20 Imperial Age
35:24 Conscription
BooYaMoonAgain
0:40 Loom
13:53 Feudal Age
19:56 Castle Age
19:00 Double-Bit Axe
25:15 Bow Saw
25:59 Fletching
28:36 Elite Skirmisher
31:03 Light Cavalry
32:15 Forging
Connection lost

Rejoining the realm…

Still unreachable

The connection could not be restored.

Session expired

The server has moved on; the page needs a fresh start.